 Dungeon Crawl Stone Soup version 0.19.4-8-ga85b6b9 (webtiles) character file.

68807 JeffiDaFish the Covert (level 15, -8/88 HPs)
             Began as a Gargoyle Venom Mage on Feb 9, 2017.
             Was a High Priest of Sif Muna.
             Killed by divine providence
             ... invoked by Saint Roka
              (13 damage)
             ... on level 2 of the Orcish Mines.
             The game lasted 01:49:36 (18599 turns).

JeffiDaFish the Covert (Gargoyle Venom Mage)       Turns: 18599, Time: 01:49:36

Health: -8/88      AC: 30    Str: 13    XL:     15   Next: 27%
Magic:  10/34      EV: 14    Int: 16    God:    Sif Muna [*****.]
Gold:   1519       SH:  6    Dex: 13    Spells: 7 memorised, 2 levels left

rFire  . . .     SeeInvis .     q - +4 flail (drain)
rCold  + . .     Gourm    .     u - +2 troll leather armour
rNeg   + + .     Faith    .     p - +1 buckler {rN+}
rPois  ∞         Spirit   .     h - +2 helmet
rElec  +         Reflect  .     d - +2 cloak {rC+}
rCorr  .         Harm     .     l - +0 pair of gloves
MR     ++...                    z - +1 pair of boots (curse)
Stlth  +++++.....               v - amulet of regeneration
                                g - +4 ring of protection
                                i - ring of magical power

@: very slightly contaminated, hasted, divine energy, very quick
A: big wings, dopey 1, low mp 1, magic resistance 1, negative energy resistance
1, electricity resistance, unbreathing, petrification resistance, rot immunity,
AC +11
a: Fly, Stop Divine Energy, Channel Magic, Forget Spell, Renounce Religion


You were on level 2 of the Orcish Mines.
You worshipped Sif Muna.
Sif Muna was extremely pleased with you.
You were not hungry.

You visited 4 branches of the dungeon, and saw 20 of its levels.
You also visited: Ice Cave.

You collected 2186 gold pieces.
You spent 667 gold pieces at shops.

Inventory:

Hand Weapons
 q - a +4 flail of draining (weapon)
Armour
 d - a +2 cloak of cold resistance (worn)
 h - a +2 helmet (worn)
 l - a +0 pair of gloves (worn)
 p - a +1 buckler of positive energy (worn)
 u - a +2 troll leather armour (worn)
 z - a cursed +1 pair of boots (worn)
Jewellery
 g - a +4 ring of protection (right hand)
 i - a ring of magical power (left hand)
 r - a +5 ring of dexterity
 v - an amulet of regeneration (around neck)
Scrolls
 a - 5 scrolls of magic mapping
 b - a scroll of holy word
 e - a scroll of summoning
 j - 3 scrolls of identify
 m - 6 scrolls of teleportation
 n - 2 scrolls of remove curse
 y - 4 scrolls of fear
 I - a scroll of amnesia
Potions
 f - a potion of brilliance
 o - a potion of agility
 w - a potion of might
 G - 2 potions of flight
 H - 2 potions of haste
Books
 B - a book of Power

   Spells                             Type                      Level
   a - Fulminant Prism                Conjuration/Hexes            4
   b - Iskenderun's Mystic Blast      Conjuration                  4
   c - Venom Bolt                     Conjuration/Poison           5
   d - Bolt of Magma                  Conjuration/Fire/Earth       5
   e - Iron Shot                      Conjuration/Earth            6
   f - Orb of Destruction             Conjuration                  7
   g - Spellforged Servitor           Conjuration/Summoning        7
 D - a book of Air

   Spells                             Type                      Level
   a - Shock                          Conjuration/Air              1
   b - Swiftness                      Charms/Air                   2
   c - Repel Missiles                 Charms/Air                   2
   d - Static Discharge               Conjuration/Air              3
   e - Lightning Bolt                 Conjuration/Air              5
 E - Sif Muna's Almanac of Translocation and Venom
   (Sif Muna gifted it to you on level 5 of the Lair of Beasts)

   Spells                             Type                      Level
   a - Force Lance                    Conjuration/Translocation    4
   b - Olgreb's Toxic Radiance        Poison                       4
   c - Passage of Golubria            Translocation                4
   d - Venom Bolt                     Conjuration/Poison           5
   e - Poison Arrow                   Conjuration/Poison           6
   f - Malign Gateway                 Summoning/Translocation      7
   g - Controlled Blink               Translocation                8
 F - Sif Muna's Theurgy in Simple Steps
   (Sif Muna gifted it to you on level 11 of the Dungeon)

   Spells                             Type                      Level
   a - Ignite Poison                  Fire/Transmutation/Poison    3
   b - Confuse                        Hexes                        3
   c - Recall                         Summoning/Translocation      3
   d - Teleport Other                 Translocation                3
   e - Spider Form                    Transmutation/Poison         3
Comestibles
 c - 9 bread rations
 k - 6 beef jerkies
 s - 6 meat rations
 t - 6 slices of pizza
 x - 3 chunks of flesh
 C - 42 fruits


   Skills:
 + Level 7.7 Fighting
   Level 3.6 Short Blades
 + Level 7.1 Maces & Flails
 + Level 6.0 Dodging
 * Level 11.8 Stealth
 - Level 6.4 Shields
 * Level 9.8 Spellcasting
 * Level 10.7 Conjurations
 + Level 3.2 Transmutations
 + Level 5.6 Fire Magic
   Level 3.5 Ice Magic
 + Level 6.0 Air Magic
 + Level 6.3 Earth Magic
 + Level 10.1 Poison Magic


You had 2 spell levels left.
You knew the following spells:

 Your Spells              Type           Power        Failure   Level  Hunger
a - Fireball              Conj/Fire      ####......   12%         5    #####..
b - Mephitic Cloud        Conj/Pois/Air  #####...     1%          3    None
c - Olgreb's Toxic Radia  Pois           #####...     1%          4    ###....
d - Ignite Poison         Fire/Tmut/Pois ####....     2%          3    None
e - Venom Bolt            Conj/Pois      #####.....   6%          5    #####..
f - Iron Shot             Conj/Erth      #####.....   56%         6    ######.
g - Bolt of Magma         Conj/Fire/Erth ####......   14%         5    #####..


Dungeon Overview and Level Annotations

Branches:
Dungeon (11/15)            Temple (1/1) D:6            Lair (6/6) D:11
 Shoals (0/4) Lair:4        Snake (0/4) Lair:2        Slime (0/5) Lair:6
    Orc (2/2) D:9
    Elf: Orc:2

Altars:
Ashenzari
Dithmenos
Elyvilon
Fedhas
Gozag
Kikubaaqudgha
Makhleb
Nemelex Xobeh
Okawaru
Qazlal
Ru
Sif Muna
Trog
Uskayaw
Vehumet
Xom
Yredelemnul
Zin
The Shining One
Beogh

Shops:
D:7 :(   D:8 ?   Orc:2 =

Annotations:
Lair:4 exclusion: oklob plant
Orc:2 Saint Roka


Innate Abilities, Weirdness & Mutations

You are resistant to torment.
Your stone body is resilient. (AC +11)
You are immune to poison.
Your large and strong wings let you fly indefinitely.
You resist negative energy. (rN+)
You are resistant to electric shocks. (rElec)
You can survive without breathing.
You are immune to petrification.
You are immune to rotting.
You are dopey. (Int -2)
Your magical capacity is low. (-10% MP)
You are resistant to hostile enchantments. (MR+)


Message History

* * * LOW HITPOINT WARNING * * *
Saint Roka looks even sicker.
You kill the orc!
Sif Muna accepts your kill.
Saint Roka invokes the aid of Beogh against you.
Beogh smites you!
* * * LOW HITPOINT WARNING * * *
You feel yourself speed up.
You kill the orc!
Sif Muna accepts your kill.
You are very lightly contaminated with residual magic.
You see here a dagger of speed.
Saint Roka looks even sicker.
Your toxic aura wanes.
Saint Roka roars a battlecry!
You hear a shout!
You see here a dagger.
Saint Roka calls down the wrath of Beogh upon you.
Beogh smites you!
You die...

.....................# ....
...<.........).......##....
...........................
.....^.#...................
......#....................
...........................
...............#.).........
.[..............[..#.#.....
.#.............#@..........
#.#..........####).........
............#####).........
........#....##..[......$..
∩[.......#####.#..[o)#..###
....#.)..# # #..)).#.##
#.##..)..# #8...8# #
...#..)..## ##.....#
#<###).)..# .#.....#


You could see Saint Roka.

Vanquished Creatures
  Snorg (Lair:6)
  7 hydras
  A catoblepas (Lair:6)
  5 death yaks
  An orc high priest (Orc:2)
  Nergalle (Orc:1)
  An unseen horror (D:11)
  3 hill giants
  A necromancer (IceCv)
  The ghost of avis the Carver, a novice HOMo of Beogh (D:6)
  An orc knight (Orc:2)
  4 orc sorcerers
  A cyclops (D:11)
  A manticore (D:11)
  A centaur zombie (D:10)
  Joseph (D:7)
  6 elephants (Lair:5)
  3 black mambas
  An eye of devastation (Lair:6)
  4 torpor snails
  15 spiny frogs
  2 centaur skeletons
  An ice statue (IceCv)
  7 komodo dragons
  10 freezing wraiths (IceCv)
  8 rime drakes
  3 trolls
  8 hornets
  4 polar bears
  10 blink frogs
  A meliai zombie (D:11)
  12 hippogriffs
  A shadow (D:11)
  2 redbacks (Lair:6)
  Sigmund (D:6)
  25 spriggans
  8 wyverns
  A human (D:7)
  Eustachio (D:5)
  4 hogs (D:7)
  A wraith (D:11)
  50 yaks
  5 basilisks
  3 death yak simulacra (IceCv)
  Menkaure (D:7)
  4 nagas (Lair:2)
  Edmund (D:5)
  13 water moccasins
  Duvessa (D:5)
  A hell hound (Lair:4)
  6 porcupines
  20 orc warriors
  A sky beast (D:8)
  15 ice beasts
  A necrophage (D:10)
  3 black bears
  3 phantoms
  8 ogres
  6 boggarts
  An eye of draining (Lair:6)
  29 wolves
  3 centaurs
  8 crocodiles
  2 big kobolds
  A gnoll sergeant (D:4)
  10 bullfrogs
  Dowan (D:5)
  2 scorpions
  4 wights (D:6)
  6 killer bees (D:11)
  6 howler monkeys
  7 crimson imps
  A bullfrog zombie (D:10)
  5 jellies
  3 quasits
  4 draconian simulacra (IceCv)
  3 hounds
  12 orc wizards
  12 orc priests
  6 iguanas
  Natasha (thrice) (D:4)
  7 worker ants
  2 spriggan simulacra (IceCv)
  4 troll simulacra (IceCv)
  A wolf simulacrum (IceCv)
  A centaur simulacrum (IceCv)
  4 hound skeletons
  2 worker ant zombies
  9 gnolls
  9 adders
  4 naga simulacra (IceCv)
  5 ogre simulacra (IceCv)
  2 shadow imps
  12 white imps (IceCv)
  2 oozes
  An adder skeleton (D:4)
  A worm (D:3)
  A dart slug (D:5)
  4 leopard geckos
  54 orcs
  A ball python (D:5)
  5 giant cockroaches
  6 goblins
  6 hobgoblins
  6 jackals
  13 kobolds
  7 quokkas
  8 bats
  2 frilled lizards
  A leopard gecko zombie (D:8)
  A quokka skeleton (D:5)
  6 rats
  A butterfly (Lair:4)
  2 fungi
  2 plants
633 creatures vanquished.

Vanquished Creatures (others)
  A yak (Lair:6)
  18 fungi
  4 plants
23 creatures vanquished.

Grand Total: 656 creatures vanquished

Notes
Turn   | Place    | Note
-------+----------+-------------------------------------------
     0 | D:1      | JeffiDaFish the Gargoyle Venom Mage began the quest for the Orb.
     0 | D:1      | Reached XP level 1. HP: 10/10 MP: 3/3
   148 | D:1      | Reached XP level 2. HP: 11/15 MP: 1/5
   695 | D:1      | Reached XP level 3. HP: 20/20 MP: 6/6
  1103 | D:2      | Found a shadowy altar of Dithmenos.
  1239 | D:2      | Reached skill level 1 in Conjurations
  1273 | D:2      | Reached XP level 4. HP: 7/24 MP: 7/7
  1728 | D:2      | Learned a level 3 spell: Mephitic Cloud
  1737 | D:2      | Learned a level 4 spell: Olgreb's Toxic Radiance
  1875 | D:2      | Reached skill level 1 in Fighting
  2827 | D:4      | Noticed a gnoll sergeant
  2844 | D:3      | Reached skill level 1 in Maces & Flails
  2844 | D:3      | Reached XP level 5. HP: 24/29 MP: 2/8
  2913 | D:4      | Noticed an ogre
  2916 | D:4      | Killed an ogre
  3051 | D:4      | Reached skill level 3 in Stealth
  3214 | D:4      | Noticed an ogre
  3229 | D:4      | Killed an ogre
  3229 | D:4      | Reached skill level 1 in Air Magic
  3229 | D:4      | Reached XP level 6. HP: 35/35 MP: 10/10
  3245 | D:4      | Noticed Natasha
  3278 | D:4      | Killed Natasha
  3278 | D:4      | Reached skill level 5 in Poison Magic
  3328 | D:4      | Noticed Natasha
  3437 | D:4      | Killed Natasha
  3447 | D:4      | Noticed Natasha
  3452 | D:4      | Killed Natasha
  3473 | D:4      | Found a sacrificial altar of Ru.
  3535 | D:4      | Reached XP level 7. HP: 37/40 MP: 11/11
  3738 | D:5      | Entered Level 5 of the Dungeon
  3782 | D:5      | Noticed Eustachio
  3834 | D:5      | Killed Eustachio
  3834 | D:5      | Reached skill level 4 in Stealth
  3841 | D:5      | HP: 2/40 [phantom (1)]
  4106 | D:5      | Noticed Edmund
  4128 | D:5      | Killed Edmund
  4190 | D:5      | Reached XP level 8. HP: 18/45 MP: 13/13
  4349 | D:5      | Found a bloodstained altar of Trog.
  4456 | D:5      | Found an opulent altar of Gozag.
  4622 | D:5      | Noticed Duvessa
  4622 | D:5      | Noticed Dowan
  4636 | D:5      | Killed Duvessa
  4636 | D:5      | Killed Dowan
  4636 | D:5      | Reached skill level 5 in Stealth
  4978 | D:6      | Found a staircase to the Ecumenical Temple.
  4984 | Temple   | Entered the Ecumenical Temple
  5053 | Temple   | Became a worshipper of Sif Muna the Loreminder
  5072 | D:6      | Noticed Sigmund
  5081 | D:6      | Killed Sigmund
  5175 | D:6      | Learned a level 4 spell: Throw Icicle
  5466 | D:6      | Noticed avis's ghost (novice HOMo)
  5474 | D:6      | Reached skill level 1 in Ice Magic
  5534 | D:6      | Killed avis's ghost
  5534 | D:6      | Reached * piety under Sif Muna
  5534 | D:6      | Reached XP level 9. HP: 25/51 MP: 16/16
  5861 | D:6      | Learned a level 5 spell: Venom Bolt
  5929 | D:7      | Reached skill level 5 in Conjurations
  6040 | D:7      | Noticed Menkaure
  6048 | D:7      | Killed Menkaure
  6048 | D:7      | Reached skill level 6 in Stealth
  6048 | D:7      | Reached skill level 5 in Spellcasting
  6134 | D:7      | Noticed Joseph
  6161 | D:7      | Killed Joseph
  6324 | D:7      | Noticed a hornet
  6354 | D:7      | Killed a hornet
  6448 | D:7      | Reached ** piety under Sif Muna
  6478 | D:7      | Found Utoti Ulisch's Book Shoppe.
  6534 | D:7      | Reached XP level 10. HP: 56/56 MP: 17/18
  6618 | D:7      | Found Qygihic's Antique Weapon Boutique.
  6747 | D:8      | Reached skill level 7 in Stealth
  6962 | D:8      | Found Xakhlomn's Magic Scroll Shop.
  6967 | D:8      | Bought a scroll of enchant armour for 82 gold pieces
  7628 | D:9      | Found a staircase to the Orcish Mines.
  7677 | Orc:1    | Entered Level 1 of the Orcish Mines
  7684 | Orc:1    | Reached *** piety under Sif Muna
  7879 | Orc:2    | Entered Level 2 of the Orcish Mines
  7937 | Orc:1    | Noticed Nergalle
  7955 | Orc:1    | Killed Nergalle
  8150 | Orc:1    | Noticed an orc sorcerer
  8172 | Orc:1    | Killed an orc sorcerer
  8172 | Orc:1    | Reached XP level 11. HP: 62/62 MP: 13/20
  8177 | Orc:1    | Reached skill level 8 in Stealth
  8427 | Orc:2    | Found Imegouc's Jewellery Emporium.
  8463 | Orc:2    | Noticed an orc knight
  8466 | Orc:2    | Noticed an orc sorcerer
  8523 | Orc:2    | Noticed a sixfirhy
  8523 | Orc:2    | Killed an orc sorcerer
  8523 | Orc:2    | Reached skill level 5 in Fighting
  8526 | Orc:2    | Reached skill level 5 in Maces & Flails
  8578 | Orc:2    | Noticed an orc knight
  8580 | Orc:2    | Noticed Saint Roka
  8581 | Orc:2    | Noticed an orc high priest
  8586 | Orc:2    | Reached **** piety under Sif Muna
  8588 | Orc:2    | Noticed an orc sorcerer
  8814 | D:7      | Bought a book of Power for 585 gold pieces
  8821 | D:7      | Learned a level 6 spell: Iron Shot
  8904 | D:10     | Entered Level 10 of the Dungeon
  8905 | D:10     | Noticed a hill giant
  8922 | D:10     | Killed a hill giant
  9340 | D:10     | Identified the +6 rapier of the Desert {freeze, Str+3} (You found it on level 10 of the Dungeon)
  9800 | D:11     | Noticed a hill giant
  9814 | D:11     | Killed a hill giant
  9814 | D:11     | Reached skill level 1 in Earth Magic
 10032 | D:11     | Found a staircase to the Lair.
 10046 | D:11     | Noticed a hill giant
 10070 | D:11     | Killed a hill giant
 10070 | D:11     | Reached skill level 1 in Short Blades
 10111 | D:11     | Reached skill level 9 in Stealth
 10187 | D:11     | Reached ***** piety under Sif Muna
 10187 | D:11     | Reached XP level 12. HP: 68/68 MP: 23/23
 10249 | D:11     | Identified Sif Muna's Theurgy in Simple Steps (Sif Muna gifted it to you on level 11 of the Dungeon)
 10249 | D:11     | Received a gift from Sif Muna
 10284 | D:11     | Learned a level 3 spell: Ignite Poison
 10725 | Lair:1   | Entered Level 1 of the Lair of Beasts
 11737 | Lair:2   | Noticed a death yak
 11739 | Lair:2   | Noticed a death yak
 11740 | Lair:2   | Noticed a death yak
 11783 | Lair:2   | Killed a death yak
 11783 | Lair:2   | Reached skill level 1 in Fire Magic
 11851 | Lair:2   | Killed a death yak
 11852 | Lair:2   | Killed a death yak
 11852 | Lair:2   | Reached skill level 10 in Stealth
 11852 | Lair:2   | Reached skill level 1 in Transmutations
 11934 | Lair:2   | Found a staircase to the Snake Pit.
 12179 | Lair:2   | Noticed a four-headed hydra
 12191 | Lair:2   | Killed a four-headed hydra
 12191 | Lair:2   | Reached XP level 13. HP: 67/74 MP: 23/25
 12191 | Lair:2   | Reached skill level 5 in Dodging
 12644 | Lair:3   | Learned a level 5 spell: Bolt of Magma
 12754 | Lair:3   | Found a frozen archway.
 12889 | Lair:3   | Received a gift from Sif Muna
 12997 | IceCv    | Entered an ice cave
 13315 | IceCv    | Found an ancient bone altar of Kikubaaqudgha.
 13332 | IceCv    | Reached skill level 5 in Air Magic
 14235 | Lair:3   | Reached skill level 5 in Earth Magic
 14733 | Lair:4   | Gained mutation: Your large and strong wings let you fly indefinitely. [Gargoyle growth]
 14733 | Lair:4   | Reached XP level 14. HP: 80/80 MP: 12/27
 14733 | Lair:4   | Reached skill level 11 in Stealth
 14905 | Lair:4   | Learned a level 5 spell: Fireball
 14931 | Lair:4   | Received a gift from Sif Muna
 15137 | Lair:4   | Found a staircase to the Shoals.
 15487 | Lair:6   | Entered Level 6 of the Lair of Beasts
 15783 | Lair:6   | Reached skill level 10 in Conjurations
 15975 | Lair:6   | Reached skill level 1 in Shields
 16133 | Lair:6   | Reached skill level 5 in Shields
 16341 | Lair:6   | Found a staircase to the Slime Pits.
 16363 | Lair:6   | Reached skill level 5 in Fire Magic
 16393 | Lair:6   | Noticed Snorg
 16457 | Lair:6   | Killed Snorg
 16652 | Lair:6   | Reached skill level 10 in Poison Magic
 17092 | Lair:6   | Gained mutation: Your magical capacity is low. (-10% MP) [potion of mutation]
 17092 | Lair:6   | Gained mutation: You are resistant to hostile enchantments. (MR+) [potion of mutation]
 17092 | Lair:6   | Gained mutation: You are dopey. (Int -2) [potion of mutation]
 17296 | Lair:5   | Reached XP level 15. HP: 71/86 MP: 25/25
 17518 | Lair:5   | Identified Sif Muna's Almanac of Translocation and Venom (Sif Muna gifted it to you on level 5 of the Lair of Beasts)
 17518 | Lair:5   | Received a gift from Sif Muna
 18403 | Orc:2    | Found a roughly hewn altar of Beogh.
 18419 | Orc:2    | HP: 1/88 [Saint Roka/divine providence (12)]
 18595 | Orc:2    | HP: 2/88 [Saint Roka/divine providence (10)]
 18599 | Orc:2    | Killed from afar by Saint Roka

Skill      XL: |  1  2  3  4  5  6  7  8  9 10 11 12 13 14 15 |
---------------+----------------------------------------------+-----
Conjurations   | 1 2 3 4 5 6 8 9 10 | 10.7
Fighting       | 1 2 3 4 5 6 7 |  7.7
Maces & Flails | 1 2 3 4 5 6 7 |  7.1
Stealth        | 3 4 5 6 7 9 10 11 | 11.8
Dodging        | 2 3 4 5 6 |  6.0
Air Magic      | 1 2 3 4 5 6 |  6.0
Poison Magic   | 5 6 7 8 9 10 | 10.1
Spellcasting   | 3 4 5 6 7 8 9 |  9.8
Ice Magic      | 1 2 3 |  3.5
Earth Magic    | 2 4 5 6 |  6.3
Short Blades   | 1 2 3 |  3.6
Fire Magic     | 1 4 5 |  5.6
Transmutations | 1 2 3 |  3.2
Shields        | 6 |  6.4

Action                   |  1- 3 |  4- 6 |  7- 9 | 10-12 | 13-15 || total
-------------------------+-------+-------+-------+-------+-------++-------
Melee: Mace              |    67 |   159 |    98 |       |       ||   324
       Flail             |       |       |   212 |   685 |  1086 ||  1983
 Cast: Sting             |    37 |    52 |    18 |    16 |    10 ||   133
       Mephitic Cloud    |       |    12 |    30 |    58 |    98 ||   198
       Olgreb's Toxic Ra |       |       |    11 |    24 |    26 ||    61
       Throw Icicle      |       |       |       |     7 |       ||     7
       Venom Bolt        |       |       |       |     5 |     3 ||     8
       Ignite Poison     |       |       |       |    13 |    77 ||    90
       Bolt of Magma     |       |       |       |       |     1 ||     1
       Fireball          |       |       |       |       |    19 ||    19
Invok: Divine Energy     |       |       |       |       |     1 ||     1
Evoke: Rod               |       |       |     1 |       |       ||     1
  Use: Potion            |     3 |     3 |     4 |     3 |     4 ||    17
       Scroll            |     3 |     5 |    10 |     8 |    13 ||    39
 Stab: Sleeping          |     2 |     1 |     4 |    12 |     3 ||    22
       Confused          |       |     7 |     9 |    24 |    11 ||    51
       Distracted        |       |       |     1 |     1 |     5 ||     7
  Eat: Chunk             |     2 |     6 |     6 |    27 |    29 ||    70
       Meat ration       |       |     1 |       |       |       ||     1
       Bread ration      |       |       |     1 |       |       ||     1
       Royal jelly       |       |       |     1 |       |       ||     1
       Pizza             |       |       |       |     2 |       ||     2
       Fruit             |       |       |       |     1 |     5 ||     6
Armor: Robe              |    30 |    16 |    15 |    70 |       ||   131
       Leather armour    |       |    63 |   111 |       |       ||   174
       Troll leather arm |       |       |       |   341 |   744 ||  1085
Dodge: Dodged            |    76 |   148 |   201 |   498 |   886 ||  1809
Block: Buckler           |       |       |       |       |   173 ||   173
